 Dungeon Crawl Stone Soup version 0.30.1 (webtiles) character file.

Game seed: 14459500619120219816

257 monsoonserge the Trooper (level 6, -4/56 HPs)
             Began as a Meteoran Fighter on July 9, 2023.
             Was a High Priest of Ignis.
             Slain by Edmund
             ... wielding a +4 dire flail of protection
              (13 damage)
             ... on level 4 of the Dungeon.
             The game lasted 00:11:42 (1960 turns).

monsoonserge the Trooper (Meteoran Fighter)         Turns: 1960, Time: 00:11:44

Health: -4/56      AC: 19    Str: 20    XL:     6   Next: 67%
Magic:  7/7        EV:  8    Int:  9    God:    Ignis [*****.]
Gold:   159        SH:  5    Dex: 14    Spells: 5/5 levels left

rFire   + . .        a - +0 war axe
rCold   . . .        c - +0 buckler
rNeg    . . .        p - +0 chain mail
rPois   .            A - +0 helmet
rElec   .            (no cloak)
rCorr   .            m - +1 pair of gloves
SInv    .            (no boots)
Will    .....        (no amulet) Stlth
                     (no ring)
HPRegen 0.29/turn    (no ring)
MPRegen 0.10/turn

%: no passive effects
@: fiery-armoured, glowing
A: sense surroundings 1, otherworldly, glowing, explore regen
a: Renounce Religion, Fiery Armour, Foxfire Swarm, Rising Flame


You were on level 4 of the Dungeon.
You worshipped Ignis.
Ignis was extremely pleased with you.
You visited 1 branch of the dungeon, and saw 5 of its levels.

You collected 159 gold pieces.

Inventory:

Hand Weapons
 a - a +0 war axe (weapon)
 b - a +2 sling of flaming
Missiles
 j - 2 boomerangs
 u - 11 poisoned darts (quivered)
Armour
 c - a +0 buckler (worn)
 e - a +0 scale mail
 h - a +0 pair of gloves
 m - a +1 pair of gloves (worn)
 p - a +0 chain mail (worn)
 A - a +0 helmet (worn)
Scrolls
 g - 3 scrolls of identify {unknown}
 i - a scroll of enchant weapon {unknown}
 k - a scroll of magic mapping {unknown}
 l - a scroll of immolation {unknown}
 t - a scroll of amnesia {unknown}
 w - a scroll of silence {unknown}
 y - a scroll of noise {unknown}
 z - 2 scrolls of teleportation {unknown}
 B - a scroll of enchant armour {unknown}
 C - a scroll of fog {unknown}
Potions
 d - 2 potions of might
 f - 2 potions of brilliance {unknown}
 n - a potion of attraction {unknown}
 o - 2 potions of heal wounds {unknown}
 q - a potion of flight {unknown}
 r - 2 potions of lignification {unknown}
 s - 2 potions of cancellation {unknown}
 v - a potion of berserk rage {unknown}
 x - a potion of mutation {unknown}


   Skills:
 + Level 5.5 Fighting
 + Level 4.4 Axes
 + Level 1.0 Throwing
 + Level 4.1 Armour
 - Level 2.0 Dodging
 - Level 4.0 Shields


You had 5 spell levels left.
You didn't know any spells.
Your spell library contained the following spells:

 Spells                   Type           Power      Damage    Failure   Level
 Manifold Assault         Tloc           0%         N/A       100%        4
 Fireball                 Conj/Fire      0%         3d3       100%        5
 Iskenderun's Battlesphe  Conj           0%         2d6       100%        5
 Conjure Ball Lightning   Conj/Air       0%         3x3d6     100%        6
 Dispersal                Tloc           0%         N/A       100%        6
 Orb of Destruction       Conj           0%         9d5       100%        7
 Disjunction              Tloc           0%         N/A       100%        8


Dungeon Overview and Level Annotations

Branches:
Dungeon (5/15) Zot: 957
 Temple: D:4-7

Altars:
Dithmenos
Gozag
Ignis

Shops:
D:1 [

Annotations:
D:4 Edmund


Innate Abilities, Weirdness & Mutations

You passively map a small area around you.
You are easily found by Zot.
You glow in the dark.
You regain HP and MP as you explore.


Message History

Edmund hits you with a +4 dire flail of protection.
You closely miss Edmund.
Edmund is lightly wounded.
Edmund hits you with a +4 dire flail of protection!
You hit Edmund but do no damage.
Edmund is lightly wounded.
Edmund hits you with a +4 dire flail of protection.
Okay, then.
A protective cloak of flame settles atop you.
Edmund hits you but does no damage.
Edmund is burned by your cloak of flames.
Edmund is lightly wounded.
You hit Edmund.
Edmund is moderately wounded.
Edmund barely misses you.
Edmund hits you with a +4 dire flail of protection.
* * * LOW HITPOINT WARNING * * *
You closely miss Edmund.
Edmund is moderately wounded.
Edmund hits you but does no damage.
You closely miss Edmund.
Edmund is moderately wounded.
Edmund hits you with a +4 dire flail of protection!
* * * LOW HITPOINT WARNING * * *
You closely miss Edmund.
Edmund is moderately wounded.
You block Edmund's attack. x2
You closely miss Edmund.
Edmund is moderately wounded.
Edmund barely misses you.
You barely miss Edmund.
Edmund is moderately wounded.
You block Edmund's attack.
You hit Edmund.
Edmund is moderately wounded.
Edmund hits you but does no damage.
Edmund is burned by your cloak of flames.
Edmund is moderately wounded.
Edmund hits you with a +4 dire flail of protection!
You die...

... , , ########.###.# #.# #.., ,
,,............# #.#
#.###############)##### #.#
#.....................##### #.#
#.............###.#.#.#.'_###.#
#.............# #.#.#...###...#
..............# #.###############
..............###...[............
................@@....###########
................#####.# , , , #
................# * ..#* * *,#
.############...# .### #
#.......# #...# #. # #.......#
#...# #,* # #.......# #...# ,* ,#
#.......# ##### # ........# * * #


You could see Edmund.

Vanquished Creatures
  Blork the orc (D:4)
  Robin (D:4)
  A gnoll (D:1)
  9 adders
  2 worms
  2 dart slugs
  2 orcs
  A bat (D:2)
  7 endoplasms
  3 giant cockroaches
  13 hobgoblins
  4 quokkas
  6 ball pythons
  3 frilled lizards
  12 goblins
  8 kobolds
  2 rats
77 creatures vanquished.

Notes
Turn   | Place    | Note
-------+----------+-------------------------------------------
     0 | D:1      | monsoonserge the Meteoran Fighter began the quest for the
                  | Orb.
     0 | D:1      | Reached XP level 1. HP: 19/19 MP: 2/2
    51 | D:1      | Reached XP level 2. HP: 19/26 MP: 3/3
   164 | D:1      | Found a faded altar of an unknown god.
   172 | D:1      | Prayed at the altar of an unknown god.
   172 | D:1      | Became a worshipper of Ignis, the Dying Flame
   305 | D:1      | Reached XP level 3. HP: 26/33 MP: 4/4
   453 | D:1      | Found Lomuecil's Antique Armour Shoppe.
   482 | D:1      | Glimpsed the power of Zot.
   521 | D:2      | Reached skill level 4 in Fighting
   523 | D:2      | Reached XP level 4. HP: 39/40 MP: 5/5
   587 | D:2      | Reached skill level 1 in Dodging
   892 | D:2      | Reached XP level 5. HP: 47/47 MP: 6/6
  1716 | D:4      | Found an opulent altar of Gozag.
  1724 | D:4      | Noticed Blork the orc
  1737 | D:4      | Killed Blork the orc
  1738 | D:4      | Reached skill level 5 in Fighting
  1738 | D:4      | Reached skill level 1 in Throwing
  1738 | D:4      | Reached XP level 6. HP: 32/56 MP: 7/7
  1822 | D:4      | Found a shadowy altar of Dithmenos.
  1835 | D:4      | Noticed Robin
  1845 | D:4      | Killed Robin
  1939 | D:5      | Entered Level 5 of the Dungeon
  1939 | D:5      | Noticed Edmund
  1960 | D:4      | Slain by Edmund

Illustrated notes

Levels and vault maps discovered:
D:1:      saegor_arrival_simple_b, layout_basic, basic_ecumenical_altar,
          serial_shops, shop
D:2:      layout_loops_cross, minmay_snake_closets
D:3:      layout_basic, hangedman_decor_opposing
D:4:      layout_basic, nicolae_dithmenos_the_darkroom, kennysheep_mini,
          uniq_robin, uniq_blork_the_orc
D:5:      minmay_chambers_of_fours, layout_cave_pools, grunt_qazlal_sundering,
          serial_shops, nicolae_take_the_stairs, shop, uniq_edmund

Skill      XL: |  1  2  3  4  5 |
---------------+----------------+-----
Armour         | 4 |  4.1
Shields        | 4 |  4.0
Fighting       | 4 5 |  5.5
Axes           | 3 4 |  4.4
Dodging        | 1 2 |  2.0
Throwing       | 1 |  1.0

Action                     |  1- 3 |  4- 6 || total
---------------------------+-------+-------++-------
  Melee: War axe           |    55 |   169 ||   224
   Fire: Sling             |       |     1 ||     1
  Throw: Dart              |       |     1 ||     1
 Invoke: Fiery Armour      |       |     2 ||     2
 Armour: Scale mail        |    27 |    24 ||    51
         Chain mail        |       |    59 ||    59
  Dodge: Dodged            |    21 |    65 ||    86
  Block: Buckler           |    17 |    43 ||    60
